 Dungeon Crawl Stone Soup version 0.18.1-50-g88ac8fd (webtiles) character file.

2068 Nordron the Arsonist (level 9, -1/45 HPs)
             Began as a Gargoyle Fire Elementalist on Sept 25, 2016.
             Was an Initiate of Vehumet.
             Slain by blejac99's ghost (12 damage)
             ... on level 6 of the Dungeon.
             The game lasted 00:46:49 (6569 turns).

Nordron the Arsonist (Gargoyle Fire Elementalist)   Turns: 6569, Time: 00:46:49

Health: -1/45      AC: 18    Str: 13    XL:     9   Next: 26%
Magic:  5/18       EV: 12    Int: 18    God:    Vehumet [......]
Gold:   218        SH:  0    Dex: 10    Spells: 4 memorised, 7 levels left

rFire  . . .     SeeInvis .     h - +1 mace (protect)
rCold  . . .     Gourm    .     q - +2 animal skin
rNeg   + . .     Faith    .     (no shield)
rPois  ∞         Spirit   .     r - +0 helmet
rElec  +         Dismiss  .     (no cloak)
rCorr  .         Reflect  .     l - +2 pair of gloves
SustAt .         Harm     .     (no boots)
MR     .....                    (no amulet)
Stlth  ++........               (no ring)
                                (no ring)

@: not resistant to hostile enchantments, unstealthy
A: negative energy resistance 1, electricity resistance, unbreathing,
petrification resistance, rot immunity, AC +5
a: Renounce Religion


You were on level 6 of the Dungeon.
You worshipped Vehumet.
Vehumet was noncommittal.
You were not hungry.

You visited 2 branches of the dungeon, and saw 7 of its levels.
You also visited: Ossuary.

You collected 218 gold pieces.

Inventory:

Hand Weapons
 h - a +1 mace of protection (weapon)
Armour
 l - a +2 pair of gloves (worn)
 q - a +2 animal skin (worn)
 r - a +0 helmet (worn)
Wands
 B - a wand of slowing (19/48)
Scrolls
 d - a scroll of amnesia {unknown}
 g - a scroll of fear {unknown}
 j - 2 scrolls of immolation {unknown}
 m - 5 scrolls of teleportation {unknown}
 n - 3 scrolls of identify {unknown}
 s - 2 scrolls of magic mapping {unknown}
 t - 2 scrolls of fog {unknown}
 x - a scroll of blinking {unknown}
 y - a scroll of enchant weapon {unknown}
 D - 2 scrolls of enchant armour {unknown}
 E - 2 scrolls of noise {unknown}
Potions
 a - a potion of ambrosia {unknown}
 e - a potion of invisibility {unknown}
 f - 3 potions of resistance {unknown}
 k - a potion of berserk rage {unknown}
 o - 4 potions of might {unknown}
 p - 2 potions of lignification {unknown}
 u - 2 potions of flight {unknown}
 v - 2 potions of heal wounds {unknown}
 z - a potion of brilliance {unknown}
 A - a potion of agility {unknown}
 C - a potion of curing {unknown}
Books
 b - a book of Flames

   Spells                             Type                      Level
   a - Flame Tongue                   Conjuration/Fire             1
   b - Throw Flame                    Conjuration/Fire             2
   c - Conjure Flame                  Conjuration/Fire             3
   d - Inner Flame                    Hexes/Fire                   3
   e - Sticky Flame                   Conjuration/Fire             4
   f - Fireball                       Conjuration/Fire             5
Comestibles
 c - 2 bread rations
 i - 2 beef jerkies
 w - 2 meat rations
 F - a chunk of flesh


   Skills:
 + Level 0.2 Fighting
 + Level 1.1 Maces & Flails
 + Level 0.2 Armour
 + Level 1.8 Dodging
 - Level 2.1 Stealth
 + Level 6.1 Spellcasting
 + Level 6.3 Conjurations
 * Level 8.5 Fire Magic


You had 7 spell levels left.
You knew the following spells:

 Your Spells              Type           Power        Failure   Level  Hunger
a - Flame Tongue          Conj/Fire      ####.        1%          1    None
b - Conjure Flame         Conj/Fire      ####....     1%          3    ##.....
c - Sticky Flame          Conj/Fire      ####....     8%          4    ####...
d - Fireball              Conj/Fire      ####......   21%         5    #####..


Dungeon Overview and Level Annotations

Branches:
Dungeon (6/15)             Temple (1/1) D:5

Altars:
Ashenzari
Cheibriados
Dithmenos
Gozag
Kikubaaqudgha
Makhleb
Nemelex Xobeh
Okawaru
Pakellas
Qazlal
Ru
Sif Muna
Vehumet
Xom
Yredelemnul
Zin

Shops:
D:5 =((

Annotations:
D:6 blejac99's ghost, novice FoFi


Innate Abilities, Weirdness & Mutations

You are resistant to torment.
Your stone body is resilient (AC +5).
You are immune to poison.
You resist negative energy.
You are resistant to electric shocks.
You can survive without breathing.
You are immune to petrification.
You are immune to rotting.


Message History

Blejac99's ghost is almost destroyed.
Blejac99's ghost closely misses you.
Casting: Flame Tongue
Confirm with . or Enter, or press ? or * to list all spells.
Aiming: Flame Tongue
Press: ? - help, Shift-Dir - straight line, f/p - blejac99's ghost
Aim: blejac99's ghost (almost destroyed)
The flame tongue hits blejac99's ghost.
Blejac99's ghost appears unharmed.
Blejac99's ghost is almost destroyed.
Blejac99's ghost hits you.
* * * LOW HITPOINT WARNING * * *
Casting: Flame Tongue
Confirm with . or Enter, or press ? or * to list all spells.
Aiming: Flame Tongue
Press: ? - help, Shift-Dir - straight line, f/p - blejac99's ghost
Aim: blejac99's ghost (almost destroyed)
The flame tongue hits blejac99's ghost.
Blejac99's ghost is almost destroyed.
Blejac99's ghost hits you!
You die...

### ##.##
##.#.########
#.###.......# ###
##.#.######.#
##.## ##.## #.#
##.#.## #.# #.##
##.###.#########)#
#...
#.##.....W@.....(#
###.
##.#.#.###########
###### ##...##
#..... #.....#
#.#### #.#.#.# #.#
#"#.#.# #.#
#.#.#.# #.#
#.....# #.#
###.### #.#


You could see blejac99's ghost.

Vanquished Creatures
  Sigmund (D:5)
  The ghost of veneficus the Destroyer, an amateur DECj (D:3)
  An ice beast (D:5)
  A necrophage (D:5)
  3 ogres
  A centaur (D:4)
  2 elf zombies (Ossuary)
  A scorpion (D:5)
  A howler monkey (D:4)
  A crimson imp (D:5)
  A giant frog zombie (D:6)
  3 hounds
  A gnoll shaman (D:4)
  3 centaur zombies (Ossuary)
  A human zombie (Ossuary)
  2 orc priests
  Terence (D:2)
  6 orc wizards
  2 worker ants
  A hound skeleton (D:6)
  2 mummies (Ossuary)
  A worker ant zombie (D:5)
  Robin (D:1)
  5 gnolls
  11 adders
  A shadow imp (D:5)
  An ooze (D:2)
  An adder zombie (Ossuary)
  2 worms
  5 dart slugs
  4 giant geckos
  25 orcs
  4 ball pythons
  2 bats
  3 giant cockroaches
  10 hobgoblins
  5 jackals
  5 giant newts
  26 goblins
  A goblin zombie (Ossuary)
  5 hobgoblin zombies (Ossuary)
  9 kobolds
  6 kobold zombies (Ossuary)
  14 orc zombies (Ossuary)
  7 rats
  4 rat zombies (Ossuary)
194 creatures vanquished.

Notes
Turn   | Place    | Note
--------------------------------------------------------------
     0 | D:1      | Nordron the Gargoyle Fire Elementalist began the quest for the Orb.
     0 | D:1      | Reached XP level 1. HP: 10/10 MP: 3/3
   130 | D:1      | Reached XP level 2. HP: 13/15 MP: 0/5
   673 | D:2      | Reached XP level 3. HP: 19/19 MP: 5/7
   768 | D:2      | Learned a level 3 spell: Conjure Flame
   837 | D:2      | Noticed Robin
   882 | D:2      | Reached XP level 4. HP: 14/24 MP: 0/8
   914 | D:1      | Killed Robin
   997 | D:2      | Noticed Terence
  1006 | D:2      | Killed Terence
  1194 | D:2      | Reached XP level 5. HP: 28/28 MP: 2/10
  1578 | D:3      | Learned a level 4 spell: Sticky Flame
  1650 | D:3      | Noticed veneficus's ghost (amateur DECj)
  1844 | D:3      | Found an oddly glowing altar of Pakellas.
  1847 | D:3      | Found an opulent altar of Gozag.
  1855 | D:3      | Found an ancient bone altar of Kikubaaqudgha.
  1858 | D:3      | Found a shattered altar of Ashenzari.
  2073 | D:3      | Reached skill level 4 in Fire Magic
  2384 | D:3      | Killed veneficus's ghost
  2384 | D:3      | Reached XP level 6. HP: 24/32 MP: 0/12
  2540 | D:4      | Reached skill level 5 in Fire Magic
  2562 | D:4      | Reached XP level 7. HP: 15/36 MP: 0/13
  3305 | D:4      | Reached skill level 6 in Fire Magic
  3345 | D:3      | Reached skill level 5 in Spellcasting
  3453 | D:4      | Reached XP level 8. HP: 24/41 MP: 10/15
  3623 | D:4      | Learned a level 5 spell: Fireball
  3743 | D:4      | Reached skill level 5 in Conjurations
  4001 | D:5      | Entered Level 5 of the Dungeon
  4001 | D:5      | Found Wucs's Weapon Emporium.
  4001 | D:5      | Found a sparkling altar of Nemelex Xobeh.
  4032 | D:5      | Found Luafe's Antique Weapon Emporium.
  4048 | D:5      | Found Woamm's Jewellery Emporium.
  4082 | D:5      | Found a sand-covered staircase.
  4088 | Ossuary  | Entered an ossuary
  4393 | Ossuary  | Reached skill level 7 in Fire Magic
  5025 | D:5      | Noticed Sigmund
  5040 | D:5      | Killed Sigmund
  5040 | D:5      | Reached skill level 8 in Fire Magic
  5040 | D:5      | Reached XP level 9. HP: 45/45 MP: 2/17
  5232 | D:5      | Found a staircase to the Ecumenical Temple.
  5242 | D:5      | Found a burning altar of Makhleb.
  5483 | Temple   | Entered the Ecumenical Temple
  5539 | Temple   | Became a worshipper of Vehumet
  5627 | D:6      | Noticed blejac99's ghost (novice FoFi)
  6247 | D:6      | Reached skill level 1 in Maces & Flails
  6569 | D:6      | Slain by blejac99's ghost

Skill      XL: |  1  2  3  4  5  6  7  8  9 |
---------------+----------------------------+-----
Spellcasting   | 3 4 5 6 |  6.1
Conjurations   | 2 3 4 5 6 |  6.3
Fire Magic     | 4 5 6 8 |  8.5
Maces & Flails | 1 |  1.1
Fighting       | |  0.2
Armour         | |  0.2
Dodging        | |  1.8
Stealth        | |  2.1

Action                   |  1- 3 |  4- 6 |  7- 9 || total
-------------------------+-------+-------+-------++-------
Melee: Unarmed           |     8 |       |       ||     8
       Club              |     4 |       |       ||     4
       Mace              |    26 |    23 |   107 ||   156
 Cast: Flame Tongue      |    43 |   117 |   314 ||   474
       Sticky Flame      |       |     1 |     7 ||     8
       Conjure Flame     |       |       |     5 ||     5
       Fireball          |       |       |     3 ||     3
Evoke: Wand              |       |       |     4 ||     4
  Eat: Chunk             |       |     5 |     8 ||    13
       Bread ration      |       |       |     2 ||     2
Armor: Robe              |    24 |     5 |       ||    29
       Animal skin       |       |    33 |   113 ||   146
Dodge: Dodged            |    27 |    40 |   151 ||   218
